 Dungeon Crawl Stone Soup version 0.25.1-2-g60ff931df9 (webtiles) character file.

Game seed: 11716462060525493366

742 raphialitos the Chiller (level 7, 0/52 HPs)
             Began as a Black Draconian Ice Elementalist on Sept 29, 2020.
             Was a Follower of Qazlal.
             Slain by a phantom (2 damage)
             ... on level 5 of the Dungeon.
             The game lasted 00:14:43 (4797 turns).

raphialitos the Chiller (DrIE)                      Turns: 4797, Time: 00:14:44

Health: 0/52       AC: 12    Str: 11    XL:     7   Next: 47%
Magic:  15/23      EV: 12    Int: 17    God:    Qazlal [*.....]
Gold:   136        SH:  7    Dex: 14    Spells: 8/15 levels left

rFire    . . .     SeeInvis .   w - +3 battleaxe of Indomitability {vorpal, MP+9 Dex+3} (curse)
rCold    . . .     Gourm    .   (shield currently unavailable)
rNeg     . . .     Faith    .   (armour unavailable)
rPois    .         Spirit   .   (helmet restricted)
rElec    +         Reflect  +   (no cloak)
rCorr    .         Harm     .   (no gloves)
MR       .....                  (no boots)
Stlth    ++........             k - amulet of reflection
HPRegen  0.17/turn              i - ring of ice
MPRegen  0.18/turn              f - ring of fire

@: icy armour, short of breath, frozen ramparts
A: breathe lightning, unfitting armour, electricity resistance, cold-blooded, AC
+6
a: Breathe Lightning, Renounce Religion


You were on level 5 of the Dungeon.
You worshipped Qazlal.
Qazlal was aware of your devotion.
You were very hungry.

You visited 1 branch of the dungeon, and saw 5 of its levels.

You collected 136 gold pieces.

Inventory:

Hand Weapons
 g - a +1 short sword
 w - the cursed +3 battleaxe of Indomitability (weapon) {vorpal, MP+9 Dex+3}
   (You found it on level 4 of the Dungeon)

   It inflicts extra damage upon your enemies.
   It affects your dexterity (+3).
   It affects your magic capacity (+9).
   It has a curse placed upon it.
Missiles
 a - 12 poisoned darts (quivered)
 m - 49 arrows
 y - 2 javelins
Jewellery
 f - a ring of fire (right hand)
 i - a ring of ice (left hand)
 k - an amulet of reflection (around neck)
Wands
 n - a wand of paralysis (17)
 u - a wand of clouds (3)
 v - a wand of flame (17)
Scrolls
 q - 2 scrolls of remove curse
Potions
 c - a potion of haste
 d - a potion of flight
 e - a potion of ambrosia {unknown}
 h - a potion of lignification {unknown}
 j - 2 potions of mutation {unknown}
 l - a potion of stabbing {unknown}
 o - a potion of cancellation {unknown}
 p - a potion of heal wounds {unknown}
 r - a potion of brilliance {unknown}
 s - 2 potions of might {unknown}
 t - a potion of magic {unknown}
 x - a potion of resistance {unknown}
 z - a potion of curing {unknown}
Comestibles
 b - 7 rations


   Skills:
 + Level 1.2 Fighting
 + Level 0.9 Short Blades
 + Level 0.9 Axes
 + Level 2.1 Dodging
 + Level 2.2 Stealth
 + Level 0.3 Unarmed Combat
 + Level 4.9 Spellcasting
 + Level 0.1 Charms
 + Level 7.1 Ice Magic


You had 8 spell levels left.
You knew the following spells:

 Your Spells              Type           Power        Failure   Level  Hunger
a - Freeze                Ice            ####         1%          1    None
b - Frozen Ramparts       Ice            #####.       2%          3    ###....
c - Ozocubu's Armour      Chrm/Ice       ###.....     10%         3    ###....

Your spell library contained the following spells:

 Spells                   Type           Power        Failure   Level  Hunger
 Hailstorm                Conj/Ice       ###.....     32%         4    ####...
 Summon Ice Beast         Ice/Summ       ###.....     32%         4    ####...


Dungeon Overview and Level Annotations

Branches:
Dungeon (5/15)
 Temple: D:4-7

Altars:
Qazlal


Innate Abilities, Weirdness & Mutations

You can breathe wild blasts of lightning.
Your glossy black scales are hard. (AC +6)
You cannot fit into any form of body armour.
You are resistant to electric shocks. (rElec)
You are cold-blooded and may be slowed by cold attacks.


Message History

Confirm with . or Enter, or press ? or * to list all spells.
Aiming: Freeze (safe; 1% risk of failure)
Press: ? - help, Shift-Dir - straight line, f - phantom
Aim: a phantom (severely damaged)
You feel a surge of power!
The phantom resists.
You freeze the phantom.
The phantom is severely damaged.
The phantom completely resists.
The wall freezes the phantom but do no damage.
The phantom closely misses you.
Casting: Freeze (safe; 1% risk of failure)
Confirm with . or Enter, or press ? or * to list all spells.
Aiming: Freeze (safe; 1% risk of failure)
Press: ? - help, Shift-Dir - straight line, f/p - phantom
Aim: a phantom (severely damaged)
You feel a surge of power!
The phantom resists.
You freeze the phantom.
The phantom is severely damaged.
The phantom completely resists.
The wall freezes the phantom but do no damage.
The phantom hits you.
You die...

#.# #.........#
############.#####.........#
#...!....##................#
#............##..#.........#
#.......†..#.#..##.........#
#.........)...............[#
.........###.#####........>#
.........###.#####.......<.#
..[....W†.W@...............#
..#....####.§######.......##
....... #..# ##<.^..##
#...... #..# ####### #......
...# ...###. ##.# .. .# .#


You could see 2 phantoms.

Vanquished Creatures
  Menkaure (D:5)
  Duvessa (D:4)
  Blork the orc (D:4)
  Dowan (D:4)
  An orc priest (D:4)
  Ijyb (D:3)
  5 orc wizards
  A worker ant (D:4)
  A hound zombie (D:3)
  4 adders
  An ooze (D:3)
  An adder skeleton (D:4)
  4 worms
  A dart slug (D:3)
  2 leopard geckos
  16 orcs
  8 bats
  3 giant cockroaches
  10 goblins
  4 hobgoblins
  15 jackals
  2 quokkas (D:2)
  2 ball pythons
  4 frilled lizards
  A jackal skeleton (D:4)
  5 kobolds
  9 rats
105 creatures vanquished.

Notes
Turn   | Place    | Note
-------+----------+-------------------------------------------
     0 | D:1      | raphialitos the Draconian Ice Elementalist began the quest
                  | for the Orb.
     0 | D:1      | Reached XP level 1. HP: 14/14 MP: 3/3
   191 | D:1      | Reached XP level 2. HP: 20/20 MP: 0/5
   777 | D:1      | Reached XP level 3. HP: 26/26 MP: 2/6
  1063 | D:1      | Learned a level 3 spell: Frozen Ramparts
  1311 | D:2      | Found a stormy altar of Qazlal.
  1311 | D:2      | You fall into a shaft and drop 2 floors!
  1645 | D:3      | Reached XP level 4. HP: 32/34 MP: 1/8
  2176 | D:2      | Noticed an earth elemental
  2509 | D:2      | Reached skill level 5 in Ice Magic
  2645 | D:2      | Noticed an air elemental
  2646 | D:2      | Noticed a water elemental
  2646 | D:2      | Noticed a fire elemental
  2835 | D:2      | Learned a level 3 spell: Ozocubu's Armour
  2912 | D:2      | Became a worshipper of Qazlal Stormbringer
  3287 | D:3      | Noticed Ijyb
  3297 | D:3      | Reached XP level 5. HP: 39/39 MP: 1/9
  3300 | D:3      | Killed Ijyb
  3728 | D:4      | Reached skill level 6 in Ice Magic
  3736 | D:4      | Reached XP level 6. HP: 43/46 MP: 1/11
  3853 | D:4      | Noticed Dowan
  3854 | D:4      | Reached * piety under Qazlal
  3854 | D:4      | Noticed Duvessa
  3857 | D:4      | Killed Dowan
  3861 | D:4      | Killed Duvessa
  4039 | D:4      | Reached skill level 1 in Fighting
  4039 | D:4      | Your scales start taking on a glossy black colour.
  4039 | D:4      | Reached XP level 7. HP: 31/52 MP: 8/13
  4039 | D:4      | Gained mutation: You are resistant to electric shocks.
                  | (rElec) [Black Draconian growth]
  4293 | D:4      | Got a transparent battleaxe
  4293 | D:4      | Identified the cursed +3 battleaxe of Indomitability
                  | {vorpal, MP+9 Dex+3} (You found it on level 4 of the
                  | Dungeon)
  4495 | D:4      | Noticed Blork the orc
  4498 | D:4      | Killed Blork the orc
  4744 | D:5      | Entered Level 5 of the Dungeon
  4785 | D:5      | Noticed Menkaure
  4793 | D:5      | HP: 1/52 [Menkaure/nerve-wracking pain (9)]
  4795 | D:5      | Killed Menkaure
  4795 | D:5      | Reached skill level 7 in Ice Magic
  4797 | D:5      | Slain by a phantom

Illustrated notes

Levels and vault maps discovered:
D:1:      dpeg_arrival_rhombus, layout_basic, minivault_23, hex_medium
D:2:      layout_basic, first_ration, nicolae_qazlal_style_of_elements
D:3:      layout_basic, uniq_ijyb
D:4:      layout_loops_cross, chequers_serial_rivers_micro_b,
          uniq_blork_the_orc, uniq_duvessa
D:5:      layout_rooms, evilmike_ruin_ashenzari, uniq_eustachio, uniq_menkaure

Skill      XL: |  1  2  3  4  5  6  7 |
---------------+----------------------+-----
Dodging        | 2 |  2.1
Ice Magic      | 5 6 7 |  7.1
Stealth        | 2 |  2.2
Spellcasting   | 3 4 |  4.9
Fighting       | 1 |  1.2
Short Blades   | |  0.9
Axes           | |  0.9
Unarmed Combat | |  0.3
Charms         | |  0.1

Action                   |  1- 3 |  4- 6 |  7- 9 || total
-------------------------+-------+-------+-------++-------
Melee: Unarmed           |    33 |       |       ||    33
       Tailslap          |     5 |     2 |     3 ||    10
       Short sword       |    27 |    21 |       ||    48
       Battleaxe         |       |       |    12 ||    12
Throw: Dart              |       |     1 |     1 ||     2
 Cast: Freeze            |    46 |    52 |     5 ||   103
       Frozen Ramparts   |     1 |    10 |     4 ||    15
       Ozocubu's Armour  |       |     3 |     1 ||     4
 Abil: Breathe Lightning |       |       |     1 ||     1
  Use: Scroll            |       |     9 |     1 ||    10
 Stab: Sleeping          |     1 |       |       ||     1
  Eat: Chunk             |     3 |     9 |     1 ||    13
Armor: Skin              |    30 |    18 |     7 ||    55
Dodge: Dodged            |    63 |    34 |     7 ||   104
Block: Other             |       |    11 |     2 ||    13
       Reflection        |       |       |     1 ||     1
